General information
- name: BNet
- type: Ladder team game (AT/RT)
- host: Battle.net
- saver: chosenjew
map: Mur'gulOasis
- players: 8
- length: 31:48
- speed: Fast
- version: 1.28 W3XP
- replay type: Public
» download(302 KB)
Players
team 1 (winner)

»
LBSVag (
pink | 115 APM | 2030 actions | 17:35)
4 Archmage
2 Summon Water Elemental
2 Brilliance Aura
3 Mountain King
2 Storm Bolt
1 Thunder Clap
2 Paladin
1 Holy Light
1 Divine Shield
» actions
| Assign group hotkey | 29 | |
| Basic commands | 15 | |
| Build / train | 67 | |
| ESC pressed | 3 | |
| Enter build submenu | 16 | |
| Enter hero's abilities submenu | 9 | |
| Give item / drop item | 4 | |
| Right click | 1196 | |
| Select / deselect | 403 | |
| Select group hotkey | 180 | |
| Use ability | 108 | |
2030 total
» units
» upgrades
| Gunpowder | 1 | |
| Masonry | 2 | |
| Long Rifles | 1 | |
4 total
» buildings
| Altar of Kings | 1 | |
| Farm | 7 | |
| Blacksmith | 1 | |
| Barracks | 1 | |
| Scout Tower | 4 | |
| Arcane Tower | 2 | |
| Lumber Mill | 1 | |
| Keep | 2 | |
| Arcane Vault | 1 | |
| Guard Tower | 3 | |
| Castle | 2 | |
25 total
» build order
00:07 Altar of Kings
00:24 Farm
01:03 Blacksmith
01:15 Barracks
01:30 Farm
02:19 Scout Tower
02:31 Farm
02:32 Farm
02:50 Arcane Tower
02:50 Arcane Tower
02:52 Farm
03:08 Lumber Mill
04:09 Keep
04:09 Keep
04:51 Arcane Vault
05:44 Scout Tower
06:37 Guard Tower
06:47 Farm
06:53 Farm
08:07 Castle
08:07 Castle
10:04 Scout Tower
10:07 Scout Tower
10:39 Guard Tower
10:39 Guard Tower
» items
| Scroll of Regeneration | 4 | |
| Scroll of Town Portal | 2 | |
| Staff of Sanctuary | 1 | |
| Potion of Healing | 1 | |
8 total
chosenjew (
teal | 124 APM | 3936 actions | 31:48)
6 Archmage
3 Summon Water Elemental
2 Brilliance Aura
1 Mass Teleport
6 Mountain King
3 Storm Bolt
2 Bash
1 Avatar
» actions
| Assign group hotkey | 91 | |
| Basic commands | 302 | |
| Build / train | 141 | |
| ESC pressed | 5 | |
| Enter build submenu | 47 | |
| Enter hero's abilities submenu | 12 | |
| Give item / drop item | 5 | |
| Right click | 1189 | |
| Select / deselect | 574 | |
| Select group hotkey | 1359 | |
| Use ability | 211 | |
3936 total
» units
| Peasant | 13 | |
| Footman | 4 | |
| Rifleman | 9 | |
| Spell Breaker | 3 | |
| Priest | 4 | |
| Sorceress | 2 | |
| Gryphon Rider | 3 | |
38 total
» upgrades
| Gunpowder | 3 | |
| Long Rifles | 1 | |
| Masonry | 3 | |
| Armor | 4 | |
| Plating | 3 | |
| Priest Training | 2 | |
| Swords | 3 | |
| Sorceress Training | 2 | |
| Lumber Harvesting | 2 | |
| Magic Sentry | 1 | |
| Storm Hammers | 1 | |
25 total
» buildings
| Altar of Kings | 1 | |
| Barracks | 1 | |
| Farm | 11 | |
| Blacksmith | 1 | |
| Keep | 2 | |
| Arcane Vault | 2 | |
| Lumber Mill | 1 | |
| Scout Tower | 17 | |
| Guard Tower | 17 | |
| Castle | 2 | |
| Arcane Sanctum | 2 | |
| Town Hall | 2 | |
| Arcane Tower | 3 | |
| Gryphon Aviary | 2 | |
64 total
» build order
00:50 Altar of Kings
00:52 Barracks
00:54 Farm
01:04 Farm
01:08 Farm
02:07 Blacksmith
02:29 Farm
03:50 Keep
03:51 Keep
04:13 Arcane Vault
04:50 Farm
06:00 Lumber Mill
06:37 Farm
07:27 Scout Tower
07:31 Scout Tower
07:33 Scout Tower
07:35 Scout Tower
08:12 Guard Tower
08:12 Guard Tower
08:13 Guard Tower
09:42 Castle
09:42 Castle
10:12 Arcane Sanctum
10:19 Arcane Sanctum
11:50 Farm
14:19 Town Hall
14:21 Scout Tower
14:22 Scout Tower
14:24 Scout Tower
14:24 Scout Tower
14:26 Scout Tower
14:54 Guard Tower
14:55 Guard Tower
14:55 Guard Tower
14:56 Guard Tower
14:56 Guard Tower
14:57 Guard Tower
14:57 Guard Tower
15:10 Guard Tower
15:10 Guard Tower
15:36 Scout Tower
15:37 Scout Tower
15:52 Arcane Vault
16:16 Guard Tower
16:16 Guard Tower
16:54 Scout Tower
16:56 Scout Tower
18:30 Guard Tower
18:30 Guard Tower
21:48 Scout Tower
22:01 Arcane Tower
22:01 Arcane Tower
22:01 Arcane Tower
24:02 Gryphon Aviary
24:03 Gryphon Aviary
24:16 Scout Tower
24:17 Scout Tower
24:18 Scout Tower
24:43 Town Hall
25:05 Guard Tower
27:10 Farm
27:11 Farm
27:13 Farm
30:36 Farm
» items
| Healing Salve | 1 | |
| Boots of Speed | 1 | |
| Scroll of Regeneration | 6 | |
| Scroll of Protection | 1 | |
| Potion of Lesser Invulnerability | 1 | |
| Orb of Fire | 1 | |
| Staff of Sanctuary | 2 | |
| Scroll of Town Portal | 1 | |
| Mechanical Critter | 2 | |
| Potion of Healing | 1 | |
| Staff of Teleportation | 1 | |
18 total
Lucky_Strike (
green | 49 APM | 1574 actions | 31:47)
8 Blademaster
3 Wind Walk
3 Critical Strike
1 Bladestorm
1 Mirror Image
» actions
| Assign group hotkey | 19 | |
| Basic commands | 136 | |
| Build / train | 64 | |
| Enter build submenu | 36 | |
| Enter hero's abilities submenu | 7 | |
| Give item / drop item | 1 | |
| Right click | 711 | |
| Select / deselect | 317 | |
| Select group hotkey | 163 | |
| Use ability | 120 | |
1574 total
» units
| Peon | 14 | |
| Grunt | 4 | |
| Troll Batrider | 13 | |
31 total
» upgrades
| Ranged Weapons | 3 | |
| Armor | 3 | |
| Liquid Fire | 1 | |
| Troll Regeneration | 1 | |
| Reinforced Defenses | 1 | |
| Envenomed Spears | 1 | |
10 total
» buildings
| Orc Burrow | 4 | |
| Altar of Storms | 1 | |
| Barracks | 1 | |
| Voodoo Lounge | 2 | |
| Stronghold | 1 | |
| War Mill | 1 | |
| Beastiary | 3 | |
| Fortress | 1 | |
| Great Hall | 1 | |
| Watch Tower | 27 | |
42 total
» build order
00:15 Orc Burrow
00:53 Altar of Storms
00:54 Barracks
01:10 Orc Burrow
01:37 Voodoo Lounge
02:52 Stronghold
04:36 War Mill
05:01 Orc Burrow
06:05 Beastiary
06:05 Beastiary
06:09 Orc Burrow
08:22 Fortress
11:00 Beastiary
13:43 Great Hall
13:45 Watch Tower
13:46 Watch Tower
13:46 Watch Tower
13:46 Watch Tower
14:51 Watch Tower
14:54 Watch Tower
14:56 Watch Tower
14:59 Watch Tower
16:35 Voodoo Lounge
16:36 Watch Tower
16:39 Watch Tower
21:26 Watch Tower
21:28 Watch Tower
21:28 Watch Tower
22:18 Watch Tower
22:18 Watch Tower
22:18 Watch Tower
22:19 Watch Tower
22:19 Watch Tower
22:19 Watch Tower
22:20 Watch Tower
22:20 Watch Tower
22:26 Watch Tower
22:27 Watch Tower
22:28 Watch Tower
22:29 Watch Tower
22:30 Watch Tower
22:30 Watch Tower
» items
| Healing Salve | 4 | |
| Lesser Clarity Potion | 2 | |
| Staff of Teleportation | 1 | |
| Scroll of Protection | 1 | |
| Scroll of Town Portal | 2 | |
| Orb of Lightning | 1 | |
| Periapt of Vitality | 1 | |
12 total
1C3_ (
yellow | 34 APM | 1087 actions | 31:47)
3 Priestess of the Moon
2 Trueshot Aura
1 Searing Arrows
1 Firelord
1 Summon Lava Spawn
» actions
| Assign group hotkey | 18 | |
| Basic commands | 73 | |
| Build / train | 69 | |
| Enter build submenu | 20 | |
| Enter hero's abilities submenu | 4 | |
| Give item / drop item | 1 | |
| Right click | 502 | |
| Select / deselect | 302 | |
| Select group hotkey | 30 | |
| Use ability | 68 | |
1087 total
» units
| Wisp | 13 | |
| Huntress | 3 | |
| Dryad | 11 | |
| Druid of the Talon | 10 | |
| Druid of the Claw | 1 | |
| Hippogryph | 6 | |
| Mountain Giant | 1 | |
45 total
» upgrades
| Strength of the Wild | 1 | |
| Reinforced Hides | 1 | |
| Abolish Magic | 1 | |
| Druid of the Talon Training | 1 | |
4 total
» buildings
| Altar of Elders | 1 | |
| Moon Well | 4 | |
| Hunter's Hall | 1 | |
| Ancient of War | 1 | |
| Ancient of Wonders | 1 | |
| Tree of Ages | 1 | |
| Ancient of Wind | 1 | |
| Ancient of Lore | 2 | |
| Ancient Protector | 7 | |
19 total
» build order
00:09 Altar of Elders
00:12 Moon Well
01:32 Hunter's Hall
01:49 Ancient of War
02:05 Moon Well
02:24 Ancient of Wonders
03:19 Tree of Ages
03:37 Moon Well
05:45 Ancient of Wind
05:48 Ancient of Lore
05:53 Ancient of Lore
06:26 Moon Well
08:39 Ancient Protector
08:44 Ancient Protector
08:47 Ancient Protector
14:03 Ancient Protector
19:32 Ancient Protector
20:30 Ancient Protector
20:42 Ancient Protector
» items
| Scroll of Town Portal | 5 | |
| Potion of Healing | 3 | |
| Scroll of Regeneration | 2 | |
| Lesser Clarity Potion | 2 | |
| Orb of Fire | 1 | |
13 total
team 2 (loser)
MrBob (
red | 25 APM | 626 actions | 25:13)
6 Paladin
1 Holy Light
2 Divine Shield
2 Devotion Aura
1 Resurrection
» actions
| Assign group hotkey | 27 | |
| Basic commands | 57 | |
| Build / train | 67 | |
| ESC pressed | 1 | |
| Enter build submenu | 20 | |
| Enter hero's abilities submenu | 6 | |
| Right click | 149 | |
| Select / deselect | 206 | |
| Select group hotkey | 41 | |
| Use ability | 52 | |
626 total
» units
| Peasant | 14 | |
| Footman | 6 | |
| Rifleman | 20 | |
| Mortar Team | 9 | |
49 total
» upgrades
| Gunpowder | 2 | |
| Armor | 2 | |
| Long Rifles | 1 | |
| Lumber Harvesting | 1 | |
6 total
» buildings
| Altar of Kings | 1 | |
| Farm | 11 | |
| Barracks | 1 | |
| Lumber Mill | 1 | |
| Scout Tower | 1 | |
| Blacksmith | 1 | |
| Guard Tower | 1 | |
| Arcane Vault | 1 | |
| Keep | 1 | |
| Workshop | 1 | |
| Town Hall | 1 | |
21 total
» build order
00:07 Altar of Kings
00:12 Farm
00:30 Barracks
00:55 Farm
01:31 Lumber Mill
01:49 Farm
02:26 Scout Tower
02:51 Blacksmith
02:56 Guard Tower
03:00 Farm
03:41 Farm
04:18 Arcane Vault
04:29 Farm
06:01 Farm
06:07 Keep
07:18 Farm
11:47 Workshop
14:36 Farm
16:04 Farm
16:58 Farm
23:01 Town Hall
» items

»
The-NoOb-StraTT (
blue | 108 APM | 2505 actions | 23:13)
6 Beastmaster
3 Summon Quilbeast
2 Summon Hawk
1 Stampede
» actions
| Assign group hotkey | 65 | |
| Basic commands | 287 | |
| Build / train | 66 | |
| ESC pressed | 6 | |
| Enter build submenu | 17 | |
| Enter hero's abilities submenu | 6 | |
| Give item / drop item | 1 | |
| Right click | 1414 | |
| Select / deselect | 316 | |
| Select group hotkey | 136 | |
| Use ability | 191 | |
2505 total
» units
| Wisp | 24 | |
| Archer | 11 | |
| Dryad | 4 | |
| Peasant | 5 | |
44 total
» upgrades
» buildings
| Moon Well | 4 | |
| Altar of Elders | 1 | |
| Ancient of War | 1 | |
| Ancient of Wonders | 1 | |
| Tree of Ages | 1 | |
| Hunter's Hall | 1 | |
| Ancient of Lore | 2 | |
| Ancient of Wind | 2 | |
| Ancient Protector | 3 | |
16 total
» build order
00:08 Moon Well
00:11 Altar of Elders
00:21 Ancient of War
02:00 Moon Well
02:29 Ancient of Wonders
02:58 Moon Well
04:01 Tree of Ages
05:27 Hunter's Hall
05:59 Moon Well
07:51 Ancient of Lore
07:54 Ancient of Wind
09:35 Ancient Protector
09:58 Ancient Protector
11:07 Ancient Protector
11:09 Ancient of Wind
11:14 Ancient of Lore
» items
| Lesser Clarity Potion | 5 | |
| Potion of Healing | 2 | |
| Potion of Mana | 1 | |
| Scroll of Town Portal | 1 | |
| Healing Salve | 2 | |
11 total
PS4-FANBOY (
purple | 55 APM | 1734 actions | 31:47)
8 Blademaster
3 Wind Walk
3 Critical Strike
1 Bladestorm
1 Mirror Image
» actions
| Assign group hotkey | 19 | |
| Basic commands | 40 | |
| Build / train | 55 | |
| Enter build submenu | 20 | |
| Enter hero's abilities submenu | 8 | |
| Give item / drop item | 4 | |
| Right click | 832 | |
| Select / deselect | 169 | |
| Select group hotkey | 489 | |
| Use ability | 98 | |
1734 total
» units
» upgrades
| Ranged Weapons | 2 | |
| Reinforced Defenses | 1 | |
| Armor | 2 | |
| Ensnare | 1 | |
6 total
» buildings
| Altar of Storms | 1 | |
| Orc Burrow | 6 | |
| Voodoo Lounge | 2 | |
| Stronghold | 3 | |
| War Mill | 1 | |
| Beastiary | 2 | |
| Fortress | 1 | |
| Watch Tower | 21 | |
| Spirit Lodge | 2 | |
39 total
» build order
00:14 Altar of Storms
00:20 Orc Burrow
01:25 Voodoo Lounge
02:10 Stronghold
02:10 Stronghold
02:10 Stronghold
02:41 Orc Burrow
02:41 Orc Burrow
02:42 Orc Burrow
03:01 War Mill
04:41 Beastiary
04:42 Beastiary
04:58 Fortress
10:18 Watch Tower
10:18 Watch Tower
10:19 Watch Tower
10:19 Watch Tower
10:19 Watch Tower
10:21 Watch Tower
11:53 Watch Tower
12:22 Watch Tower
12:48 Watch Tower
12:50 Watch Tower
14:12 Orc Burrow
14:16 Orc Burrow
14:26 Watch Tower
17:24 Watch Tower
17:24 Watch Tower
17:25 Watch Tower
17:26 Watch Tower
17:26 Watch Tower
19:20 Watch Tower
19:20 Watch Tower
19:20 Watch Tower
19:21 Watch Tower
19:22 Watch Tower
19:41 Voodoo Lounge
23:12 Spirit Lodge
23:14 Spirit Lodge
» items
| Healing Salve | 3 | |
| Staff of Teleportation | 1 | |
| Scroll of Town Portal | 1 | |
| Scroll of Regeneration | 1 | |
| Orb of Lightning | 1 | |
| Tiny Great Hall | 1 | |
| Scroll of Healing | 2 | |
| Potion of Lesser Invulnerability | 1 | |
| Boots of Speed | 1 | |
12 total

»
tidekush (
orange | 48 APM | 819 actions | 17:04)
3 Archmage
1 Summon Water Elemental
2 Brilliance Aura
» actions
| Assign group hotkey | 3 | |
| Basic commands | 24 | |
| Build / train | 53 | |
| Enter build submenu | 32 | |
| Enter hero's abilities submenu | 3 | |
| Right click | 358 | |
| Select / deselect | 202 | |
| Select group hotkey | 80 | |
| Use ability | 64 | |
819 total
» units
| Peasant | 13 | |
| Footman | 6 | |
| Rifleman | 1 | |
| Dragonhawk Rider | 2 | |
| Gryphon Rider | 5 | |
27 total
» upgrades
| Swords | 2 | |
| Defend | 1 | |
| Storm Hammers | 1 | |
| Animal War Training | 1 | |
| Lumber Harvesting | 1 | |
6 total
» buildings
| Altar of Kings | 1 | |
| Farm | 16 | |
| Barracks | 1 | |
| Lumber Mill | 1 | |
| Blacksmith | 1 | |
| Arcane Vault | 1 | |
| Keep | 1 | |
| Castle | 1 | |
| Gryphon Aviary | 2 | |
| Arcane Tower | 1 | |
| Guard Tower | 1 | |
27 total
» build order
00:06 Altar of Kings
00:08 Farm
00:31 Barracks
01:08 Lumber Mill
02:00 Blacksmith
02:37 Farm
02:43 Farm
04:35 Arcane Vault
04:54 Keep
07:57 Castle
08:09 Gryphon Aviary
08:13 Gryphon Aviary
08:47 Arcane Tower
08:49 Guard Tower
11:41 Farm
11:51 Farm
12:13 Farm
12:19 Farm
12:20 Farm
12:50 Farm
12:51 Farm
12:52 Farm
12:56 Farm
13:00 Farm
14:26 Farm
14:27 Farm
14:28 Farm
» items
| Scroll of Regeneration | 1 | |
| Mechanical Critter | 2 | |
| Potion of Healing | 4 | |
| Ivory Tower | 3 | |
| Scroll of Town Portal | 2 | |
12 total
Chat log
(00:32 / Allies) 1C3_: hunts dryads dots
(02:34 / Allies) Lucky_Strike: scout
(05:35 / Allies) Lucky_Strike: let me get level 3 real fast
(07:21 / All) Lucky_Strike: wow
(07:24 / All) PS4-FANBOY: lawl
(07:29 / All) Lucky_Strike: right on top[ of me lo
(07:46 / Allies) Lucky_Strike: I should have tped
(07:53 / Allies) chosenjew: my base
(07:59 / Allies) Lucky_Strike: juyst blue
(08:17 / Allies) Lucky_Strike: let's hit blue again
(08:21 / Allies) LBSVag: pruple massed wyverns
(13:34 / Allies) Lucky_Strike: gold
(13:49 / Allies) Lucky_Strike: ty
(15:46 / Allies) 1C3_: teal
(15:48 / Allies) 1C3_: help him
(16:00 / Allies) chosenjew: I'm a libertarian
(16:03 / Allies) chosenjew: help yourself
(16:12 / Allies) LBSVag: lul
(16:13 / Allies) LBSVag: 2vs4
(16:21 / Allies) chosenjew: not really not all 4 of them are there
(16:47 / Allies) LBSVag: well theress blue
(16:49 / Allies) LBSVag: and orange
(16:53 / Allies) LBSVag: and purple
(16:54 / Allies) LBSVag: and red
(16:56 / Allies) LBSVag: thats 4
(19:37 / All) Lucky_Strike: how'd that PUNK get level 6?
(19:46 / Allies) Lucky_Strike: hey next time he does that ult on my shit tp staff in with mk and bolt his ass
(19:56 / All) PS4-FANBOY: i dont know blue did good job keeping his hero alive tho red too
(19:57 / Allies) chosenjew: k
(20:12 / Allies) chosenjew: I need to get staff
(22:12 / All) PS4-FANBOY: nub yellow lawl
(24:02 / All) PS4-FANBOY: yellow wher eur hero
(24:11 / All) 1C3_: with teal
(24:46 / All) PS4-FANBOY: die yellow
(25:10 / Allies) Lucky_Strike: bolt his ass asap
(25:25 / All) Lucky_Strike: he rage quit to avoid the pain coming his way
(25:58 / All) chosenjew: sheep to the slaughter
(26:11 / Allies) 1C3_: ?
(26:17 / All) PS4-FANBOY: where u at sir
(26:18 / All) Lucky_Strike: HEHE
(26:27 / All) 1C3_: im over by your base
(26:33 / All) chosenjew: Yellow we can do this the easy way or the long way
(26:37 / All) chosenjew: which way do you want your loss?
(27:01 / All) PS4-FANBOY: we didnt even have to stab lawl
(30:31 / All) Lucky_Strike: ASL yellow
(30:49 / All) chosenjew: yellow ASL?>
(30:52 / All) chosenjew: you there?
(31:09 / All) Lucky_Strike: that mk has badass items
(31:20 / All) chosenjew: yeah
(31:28 / All) chosenjew: barely got to use them this game